 Dungeon Crawl Stone Soup version 0.28-a0-1184-g53156a8862 (webtiles) character file.

Game seed: 533160644946193170

323 lonewolfV2 the Chopper (level 6, -1/53 HPs)
             Began as a Draconian Berserker on Dec 17, 2021.
             Was a Priest of Trog.
             Slain by an ogre (5 damage)
             ... on level 4 of the Dungeon.
             The game lasted 00:06:06 (3171 turns).

lonewolfV2 the Chopper (Draconian Berserker)        Turns: 3171, Time: 00:06:07

Health: -1/53      AC:  6    Str: 21    XL:     6   Next: 23%
Magic:  6/6        EV: 13    Int:  7    God:    Trog [***...]
Gold:   118        SH:  0    Dex: 11    Spells: 5/5 levels left

rFire   . . .      SeeInvis .   a - +0 hand axe
rCold   . . .      Faith    .   (no shield)
rNeg    . . .      Spirit   .   (armour unavailable)
rPois   .          Reflect  .   (helmet restricted)
rElec   .          Harm     .   (no cloak)
rCorr   .          Rampage  .   (no gloves)
Will    .....                   (no boots)
Stlth   +.........              c - amulet of regeneration
HPRegen 0.97/turn               (no ring)
MPRegen 0.10/turn               (no ring)

@: no status effects
A: AC +6, unfitting armour, cold-blooded
a: Renounce Religion, Berserk, Trog's Hand


You were on level 4 of the Dungeon.
You worshipped Trog.
Trog was most pleased with you.
You visited 1 branch of the dungeon, and saw 4 of its levels.

You collected 118 gold pieces.

Inventory:

Hand Weapons
 a - a +0 hand axe (weapon)
Missiles
 b - a throwing net (quivered)
Jewellery
 c - an amulet of regeneration (around neck)
Scrolls
 d - a scroll of teleportation
 f - 2 scrolls of identify
Potions
 e - a potion of lignification


   Skills:
 + Level 4.5 Fighting
 + Level 5.1 Axes
 + Level 4.2 Dodging
 + Level 0.9 Stealth


You had 5 spell levels left.
You didn't know any spells.
Your spell library contained the following spells:

 Spells                   Type           Power      Damage    Failure   Level
 Portal Projectile        Hex/Tloc       0%         N/A       80%         3
 Blade Hands              Tmut           0%         N/A       100%        5
 Excruciating Wounds      Necr           0%         N/A       100%        5


Dungeon Overview and Level Annotations

Branches:
Dungeon (4/15)
 Temple: D:4-7

Altars:

Shops:
D:1 (!


Innate Abilities, Weirdness & Mutations

Your plain brown scales are hard. (AC +6)
You cannot fit into any form of body armour.
You are cold-blooded and may be slowed by cold attacks.


Message History

An ogre comes into view. It is wielding a +0 giant spiked club.
The ogre shouts!
An ogre is nearby!
An ogre is nearby!
An ogre is nearby!
You see here a scroll labelled YPHIQ GULEL.
The ogre hits you with a +0 giant spiked club!!
The ogre closely misses you.
You hit the ogre.
You tail-slap the ogre, but do no damage.
The ogre is lightly wounded.
The ogre barely misses you.
You barely miss the ogre.
The ogre is lightly wounded.
You completely miss the ogre.
The ogre is lightly wounded.
The ogre closely misses you.
You barely miss the ogre.
The ogre is lightly wounded.
The ogre hits you with a +0 giant spiked club!
You slash the ogre! You tail-slap the ogre.
The ogre is heavily wounded.
The ogre hits you with a +0 giant spiked club!!
* * * LOW HITPOINT WARNING * * *
You hit the ogre. You tail-slap the ogre.
The ogre is severely wounded.
The ogre hits you with a +0 giant spiked club!
* * * LOW HITPOINT WARNING * * *
Unknown command.
Unknown command.
Unknown command.
Unknown command.
Unknown command.
Unknown command.
Unknown command.
Unknown command.
Unknown command.
The ogre closely misses you.
The ogre hits you with a +0 giant spiked club.
You die...

.# ##.## ###
#....#
#..######.....#
#...#.........#
#............##
#.............##
#....O@[......#
#........##...
#...?..........
#.........#....
#.....>..##....
#..............
#.............
+..............
+..........#...


You could see an ogre.

Vanquished Creatures
  A hound (D:4)
  A jelly (D:4)
  2 orc priests (D:3)
  Jessica (D:2)
  2 orc wizards
  3 gnolls (D:4)
  2 adders
  A worm (D:2)
  2 dart slugs (D:1)
  5 orcs
  4 ball pythons (D:1)
  5 endoplasms
  5 giant cockroaches
  6 goblins
  2 hobgoblins (D:1)
  8 jackals
  6 kobolds
  2 quokkas
  6 bats
  5 frilled lizards
  3 rats (D:1)
72 creatures vanquished.

Vanquished Creatures (others)
  3 fungi (D:1)
  4 plants (D:1)
7 creatures vanquished.

Grand Total: 79 creatures vanquished

Notes
Turn   | Place    | Note
-------+----------+-------------------------------------------
     0 | D:1      | lonewolfV2 the Draconian Berserker began the quest for the
                  | Orb.
     0 | D:1      | Reached XP level 1. HP: 19/19 MP: 1/1
   345 | D:1      | Found a faded altar of an unknown god.
   366 | D:1      | Reached XP level 2. HP: 22/26 MP: 2/2
   754 | D:1      | Found Katyeptudgh's Distillery.
   849 | D:1      | Reached XP level 3. HP: 31/31 MP: 3/3
  1071 | D:1      | Found Ucwoegaiho's Antique Weapon Shop.
  1289 | D:2      | Noticed Jessica
  1308 | D:2      | Reached ** piety under Trog
  1313 | D:2      | Killed Jessica
  1314 | D:2      | Reached XP level 4. HP: 31/40 MP: 4/4
  1607 | D:2      | Reached skill level 4 in Axes
  2351 | D:3      | Reached XP level 5. HP: 19/46 MP: 5/5
  3009 | D:4      | Reached skill level 5 in Axes
  3015 | D:4      | Reached XP level 6. HP: 24/53 MP: 6/6
  3065 | D:4      | Reached *** piety under Trog
  3168 | D:4      | HP: 1/53 [ogre (9)]
  3171 | D:4      | Slain by an ogre

Illustrated notes

Levels and vault maps discovered:
D:1:      erik_arrival_orb_chamber, layout_rooms,
          shapermc_ecumenical_altar_mp_urbaneastern, serial_shops, shop,
          nicolae_shop_overgrown_old_shop
D:2:      layout_loops_cross, minmay_crystal_water, uniq_jessica
D:3:      layout_basic
D:4:      layout_cave_pools, mainiacjoe_overflow_alcove_2,
          kennysheep_generic_room_6, uniq_crazy_yiuf_cottage, uniq_edmund

Skill      XL: |  1  2  3  4  5 |
---------------+----------------+-----
Dodging        | 3 4 |  4.2
Axes           | 4 5 |  5.1
Fighting       | 4 |  4.5
Stealth        | |  0.9

Action                   |  1- 3 |  4- 6 || total
-------------------------+-------+-------++-------
Melee: Hand axe          |   109 |   153 ||   262
       Tailslap          |     6 |    33 ||    39
  Use: Scroll            |       |     2 ||     2
       Potion            |       |     3 ||     3
 Stab: Sleeping          |       |     1 ||     1
Armor: Skin              |    74 |    52 ||   126
Dodge: Dodged            |   139 |   164 ||   303

Table legend: (Time is in decaauts)
 A = Elapsed time spent in this place.
 B = Non-inter-level travel time spent in this place.
 C = Inter-level travel time spent in this place.
 D = Time resting spent in this place.
 E = Time spent auto-exploring this place.
 F = Levels seen in this place.
 G = Mean time per level.
                   A        B        C        D        E       F      G
               +--------+--------+--------+--------+--------+-----+--------+
         Total |   3200 |   3068 |    132 |    450 |   1815 |   4 |  800.0 |
       Dungeon |   3200 |   3068 |    132 |    450 |   1815 |   4 |  800.0 |
               +--------+--------+--------+--------+--------+-----+--------+

Top non-repeatable levels by time:
     D:1: 1288 daAuts
     D:3: 994 daAuts
     D:2: 698 daAuts
     D:4: 219 daAuts
